 Dungeon Crawl Stone Soup version 0.22-a0-348-gd16d1391c7 (webtiles) character file.

226 Laan the Chopper (level 6, -2/47 HPs)
             Began as a Formicid Fighter on Apr 9, 2018.
             Slain by a water moccasin (3 damage)
             ... on level 4 of the Dungeon.
             The game lasted 00:07:52 (2829 turns).

Laan the Chopper (Formicid Fighter)                 Turns: 2829, Time: 00:07:53

Health: -2/47      AC:  6    Str: 22    XL:     6   Next: 21%
Magic:  6/6        EV:  6    Int: 13    God:
Gold:   164        SH: 14    Dex: 10    Spells: 5/5 levels left

rFire    . . .     SeeInvis +   a - +0 war axe
rCold    . . .     Gourm    .   j - +0 large shield
rNeg     . . .     Faith    .   o - +0 scale mail (curse)
rPois    .         Spirit   .   (helmet unavailable)
rElec    .         Reflect  .   (no cloak)
rCorr    .         Harm     .   (no gloves)
MR       .....                  (no boots)
Stlth    ..........             (no amulet)
HPRegen  0.15/turn              l - ring of teleportation (curse)
MPRegen  0.10/turn              (no ring)

@: brilliant, lethally poisoned (-2 -> -22)
A: permanent stasis, dig shafts and tunnels, four strong arms, antennae 3
a: Dig, Shaft Self


You were on level 4 of the Dungeon.
You were hungry.

You visited 1 branch of the dungeon, and saw 4 of its levels.

You collected 164 gold pieces.

Inventory:

Hand Weapons
 a - a +0 war axe (weapon)
Armour
 j - a +0 large shield (worn)
 o - a cursed +0 scale mail (worn)
Jewellery
 l - a cursed ring of teleportation (left hand)
Scrolls
 c - a scroll of magic mapping {unknown}
 h - 2 scrolls of amnesia {unknown}
 i - a scroll of enchant armour {unknown}
 m - 4 scrolls of identify
 q - a scroll of enchant weapon {unknown}
Potions
 d - 3 potions of might
 k - a potion of flight
Comestibles
 f - 8 rations


   Skills:
 - Level 3.2 Fighting
 + Level 6.0 Axes
 - Level 3.2 Armour
 - Level 3.6 Shields


You had 5 spell levels left.
You didn't know any spells.

Dungeon Overview and Level Annotations

Branches:
Dungeon (4/15)
 Temple: D:4-7

Altars:
Nemelex Xobeh
Trog
Zin


Innate Abilities, Weirdness & Mutations

You cannot be hasted, slowed, berserked, paralysed or teleported.
You can dig through walls and to a lower floor.
Your four strong arms can wield two-handed weapons with a shield.
You have a pair of large antennae on your head. (SInv)


Message History

The water moccasin bites you but does no damage.
The water moccasin bites you.
* * * LOW HITPOINT WARNING * * *
You miss the water moccasin.
The water moccasin is almost dead.
* * * LOW HITPOINT WARNING * * *
You feel sick.
You block the water moccasin's attack. x2
It was a potion of brilliance.
You feel clever all of a sudden.
* * * LOW HITPOINT WARNING * * *
You feel sick. The water moccasin bites you.
* * * LOW HITPOINT WARNING * * *
You are more poisoned.
The water moccasin poisons you!
You closely miss the water moccasin.
The water moccasin is almost dead.
* * * LOW HITPOINT WARNING * * *
You feel sick. You block the water moccasin's attack.
The water moccasin bites you.
You die...

... ... #..# ..# #...
..# #... ..# #...#..#
# .###......# .#
......S...##.##
########@.......
..............##
########...####
[............#
###########.#.#.#
#.....#####.#...#
#.....#...#.....#
######.....#...###...#
.....†.....'..[......#


You could see a water moccasin.

Vanquished Creatures
  A scorpion (D:4)
  A worker ant (D:4)
  3 gnolls
  5 adders (D:2)
  A worm (D:3)
  3 dart slugs
  2 leopard geckos
  5 orcs (D:3)
  2 ball pythons (D:1)
  3 giant cockroaches
  3 goblins
  8 hobgoblins
  4 jackals (D:3)
  6 bats
  7 frilled lizards
  9 kobolds
  A quokka skeleton (D:3)
  6 rats
70 creatures vanquished.

Notes
Turn   | Place    | Note
-------+----------+-------------------------------------------
     0 | D:1      | Laan the Formicid Fighter began the quest for the Orb.
     0 | D:1      | Reached XP level 1. HP: 18/18 MP: 1/1
    87 | D:1      | Reached XP level 2. HP: 14/24 MP: 2/2
   133 | D:1      | Reached skill level 3 in Axes
   296 | D:1      | Reached XP level 3. HP: 18/29 MP: 3/3
   902 | D:2      | Reached skill level 4 in Axes
   902 | D:2      | Reached XP level 4. HP: 34/35 MP: 4/4
  1217 | D:2      | Reached XP level 5. HP: 33/41 MP: 5/5
  1553 | D:2      | Found a sparkling altar of Nemelex Xobeh.
  1939 | D:2      | Reached skill level 5 in Axes
  2099 | D:3      | Found a faded altar of an unknown god.
  2386 | D:3      | Noticed a phantom
  2540 | D:3      | Found a bloodstained altar of Trog.
  2540 | D:3      | Found a glowing silver altar of Zin.
  2592 | D:4      | Reached skill level 6 in Axes
  2592 | D:4      | Reached XP level 6. HP: 25/47 MP: 6/6
  2800 | D:4      | Noticed a water moccasin
  2829 | D:4      | HP: 1/47 [poisoned by a water moccasin]
  2829 | D:4      | Slain by a water moccasin

Vault maps used:
D:1:      lightli_arrival_statue_moat
D:2:      serial_park_tiny_pond, nemelex_spade_bored_becter
D:3:      gammafunk_temple_overflow_wave, chequers_ecumenical_altar_simple_redux
D:4:      nicolae_overflow_hidden_temple, uniq_duvessa

Skill      XL: |  1  2  3  4  5 |
---------------+----------------+-----
Axes           | 3 4 6 |  6.0
Fighting       | |  3.2
Armour         | |  3.2
Shields        | |  3.6

Action                   |  1- 3 |  4- 6 || total
-------------------------+-------+-------++-------
Melee: War axe           |    97 |   191 ||   288
  Use: Scroll            |     4 |       ||     4
       Potion            |       |     5 ||     5
  Eat: Chunk             |       |     6 ||     6
Armor: Scale mail        |    49 |    73 ||   122
Dodge: Dodged            |    24 |    19 ||    43
Block: Shield            |    21 |       ||    21
       Large shield      |    69 |   163 ||   232

Table legend:
 A = Spawn XP
 B = Non-spawn XP
 C = Spawn XP percentage of total XP
 D = Spawn monster count
 E = Non-spawn monster count
 F = Spawn count percentage of total count
 G = Total turns spent on level
                    A         B        C        D         E        F      G
               +---------+---------+-------+---------+---------+-------+---------
         Total |       0 |     323 |   0.0 |       0 |      70 |   0.0 |  2829
               +---------+---------+-------+---------+---------+-------+---------
           D:1 |       0 |      40 |   0.0 |       0 |      24 |   0.0 |   831
           D:2 |       0 |     124 |   0.0 |       0 |      25 |   0.0 |  1197
           D:3 |       0 |      54 |   0.0 |       0 |      18 |   0.0 |   538
           D:4 |       0 |     105 |   0.0 |       0 |       3 |   0.0 |   263
               +---------+---------+-------+---------+---------+-------+---------
